 Dungeon Crawl Stone Soup version 0.01-2087-gb5e28fc70b (webtiles) character file.

Game seed: 12763901839640532876, levelgen mode: classic

235 Amnesiac the Cutter (level 5, -1/29 HPs) Silent Spectre Noble. Began on May 31, 2020. Slain by a porcupine (8 damage) ... on level 2 of the Dungeon. The game lasted 00:13:21 (2942 turns).

Amnesiac the Cutter (Silent Spectre Noble)          Turns: 2942, Time: 00:13:22

Health: -1/29      AC:  9    Str:  6    XL:     5 ^: 43
Magic:  8/9        EV: 14    Int: 20    God:
Gold:   92         SH:  0    Dex: 14    Spells: 4/6 levels left

rFire    . . .     Vision   .   a - +0 dagger
rCold    . . .     Gourm    .   b - +0 dagger
rNeg     + + +     Faith    .   k - +3 leather armour
rPois    ∞         Spirit   .   f - +2 helmet
rElec    .         Reflect  .   (no cloak)
rCorr    .         Harm     .   (no gloves)
MR       .....                  (no boots)
Stlth    ++........             (no amulet)
HPRegen  0.19/turn              (no ring)
MPRegen  0.19/turn              (no ring)

@: confusing touch, silenced
A: silence aura, negative energy resistance 3, torment resistance, unbreathing,
petrification resistance, silent casting, insubstantial
a: no special abilities


You were on level 2 of the Dungeon.
You were not hungry.

You visited 1 branch of the dungeon, and saw 3 of its levels.
You also visited: Market.

You collected 84 gold pieces.
You spent 992 gold pieces at shops.

Inventory:

Weapons
 a - a +0 dagger (weapon)
 b - a +0 dagger (weapon) Shields
 d - a +0 heater shield
 j - a +0 sai of holy wrath
Armour
 e - a +0 robe of the Archmagi
 f - a +2 helmet (worn)
 k - a +3 leather armour (worn)
Potions
 c - a potion of heal wounds {!q}
 g - a potion of curing {!q}
 h - 2 potions of magic {!q}


   Skills:
 - Level 1.0 Fighting
 * Level 3.4 Short Blades
 + Level 2.1 Dodging
 + Level 3.3 Stealth
 - Level 1.0 Spellcasting
 - Level 2.0 Hexes


You had 4 spell levels left.
You knew the following spells:

 Your Spells              Type           Power        Failure   Level  Hunger
a - Summon Small Mammal   Summ           1 (25)       28%         1    N/A
z - Confusing Touch       Hex            9 (50)       13%         1    N/A

Your spell library contained the following spells:

 Spells                   Type           Power        Failure   Level  Hunger
 Animate Skeleton         Necr           N/A          28%         1    N/A
 Flame Tongue             Fire           1 (40)       28%         1    N/A

Dungeon Overview and Level Annotations

Branches:
Dungeon (3/8)

Altars:


Innate Abilities, Weirdness & Mutations

You are surrounded by an aura of unnatural quiet.
You are immune to poison.
You are immune to negative energy. (rN+++)
You are immune to unholy pain and torment.
You can survive without breathing.
You are immune to petrification.
You can communicate with gods and cast spells while silenced.
Your insubstantial form boosts your evasion and grants immunity to sticky flames, nets and constriction.


Message History

The hound is moderately wounded. (9/13) HP The hound barely misses you (0).
The hound bites you but does no damage.
You hit the hound (3).
The hound is heavily wounded. (6/13) HP You hit the hound but do no damage.
The hound is heavily wounded. (6/13) HP The hound bites you but does no damage.
You hit the hound but do no damage.
The hound is heavily wounded. (6/13) HP You closely miss the hound.
The hound is heavily wounded. (6/13) HP The hound completely misses you (0).
The hound bites you but does no damage.
You hit the hound but do no damage.
The hound is heavily wounded. (7/13) HP You hit the hound (2).
The hound is severely wounded. (5/13) HP The hound bites you (1).
You closely miss the hound. You hit the hound but do no damage.
The hound is severely wounded. (5/13) HP The hound bites you (1).
The hound barely misses you (0).
You hit the hound but do no damage.
The hound is severely wounded. (5/13) HP You miss the hound.
The hound is severely wounded. (5/13) HP The hound bites you but does no damage.
You closely miss the hound. You hit the hound (1).
The hound is severely wounded. (4/13) HP The hound bites you (3).
The hound bites you but does no damage.
You hit the hound (1).
The hound is severely wounded. (3/13) HP You hit the hound but do no damage.
The hound is severely wounded. (3/13) HP The hound bites you (2).
You barely miss the hound. You hit the hound but do no damage.
The hound is severely wounded. (3/13) HP The hound bites you (3). x2
You hit the hound but do no damage.
The hound is severely wounded. (3/13) HP You hit the hound (1).
The hound is almost dead. (2/13) HP The hound barely misses you (0).
You hit the hound (1).
The hound is almost dead. (1/13) HP You hit the hound but do no damage.
The hound is almost dead. (1/13) HP The hound misses you (0).
The hound closely misses you (0).
You hit the hound but do no damage.
The hound is almost dead. (1/13) HP You hit the hound but do no damage.
The hound is almost dead. (1/13) HP The hound barely misses you (0).
You hit the hound (1).
You kill the hound!
Your Dodging skill increases to level 2!
The porcupine bites you (4).
* * * LOW HITPOINT WARNING * * *
You barely miss the porcupine. You hit the porcupine but do no damage.
The porcupine is healthy. (16/16) HP The porcupine bites you (7)!
* * * LOW HITPOINT WARNING * * *
Casting: Summon Small Mammal (safe; 28% risk of failure)
Confirm with . or Enter, or press ? or * to list all spells.
Your hands begin to glow red.
The porcupine bites you (8)!
You die...

##..###............# ####
#. # ##...............##
#.†# #. ##
#....)..........# ##..# #.
.###..#............#
##...# #.
.†#..#............##
#..>.# ##
.)...##...........#
##....## #
....###...........##
#......# # ....#
##.........r.## #......#
## ....##
##.......@#..###.....%###.
.....#
#.......###..#.......#...
.....# ##...####
##..#>......### .†..##
##### ###.###.#### # ....#
### ### ..### ###


You could see a porcupine.

Vanquished Creatures
  A scorpion (D:2)
  A hound (D:2)
  2 worker ants (D:3)
  2 adders (D:2)
  4 dart slugs
  3 leopard geckos
  2 ball pythons
  3 giant cockroaches
  17 goblins
  14 hobgoblins
  4 jackals (D:2)
  A quokka (D:2)
  9 bats
  4 frilled lizards
  8 kobolds
  8 rats
83 creatures vanquished.

Notes
Turn   | Place    | Note
-------+----------+-------------------------------------------
     0 | Start Ma | Amnesiac the Silent Spectre Noble began the quest for the
                  | Orb.
     0 | Start Ma | Reached XP level 1. HP: 11/11 MP: 4/4
     0 | Start Ma | Found Rahexekh's Mashing MeleeMart.
     0 | Start Ma | Found Heastym's Auxillary Armour.
    16 | Start Ma | Found Megeh's Expert Tomes.
    35 | Start Ma | Bought a book of Cantrips for 300 gold pieces
    44 | Start Ma | Bought a +0 robe of the Archmagi for 692 gold pieces
    60 | D:1      | Amnesiac set off with the following items: a +0 robe of the
                  | Archmagi; and the following spells available to memorise:
                  | Animate Skeleton, Confusing Touch, Flame Tongue, Summon
                  | Small Mammal
   219 | D:1      | Learned a level 1 spell: Confusing Touch
   256 | D:1      | Reached skill level 1 in Spellcasting
   262 | D:1      | Reached skill level 1 in Fighting
   377 | D:1      | Reached XP level 2. HP: 13/16 MP: 6/6
   381 | D:1      | Learned a level 1 spell: Summon Small Mammal
   729 | D:1      | Reached skill level 1 in Short Blades
  1018 | D:1      | Reached skill level 1 in Hexes
  1123 | D:1      | Reached XP level 3. HP: 20/20 MP: 5/7
  1791 | D:2      | Reached XP level 4. HP: 25/25 MP: 8/8
  2430 | D:2      | Found a faded altar of an unknown god.
  2776 | D:2      | Reached skill level 1 in Dodging
  2776 | D:2      | Reached XP level 5. HP: 25/29 MP: 9/9
  2844 | D:3      | Noticed a porcupine
  2942 | D:2      | Slain by a porcupine

Levels and vault maps discovered:
D:1:      dpeg_arrival_tiny_j, layout_basic, interstate_on_off,
          grunt_decor_arrowhead
D:2:      cheibrodos_greedy_goblins, layout_cave_pods,
          chequers_ecumenical_altar_simple_redux
D:3:      layout_gridville, overflow_temple_1_default, first_ration

Skill      XL: |  1  2  3  4  5 |
---------------+----------------+-----
Spellcasting   | 1 |  1.0
Fighting       | 1 |  1.0
Stealth        | 2 3 |  3.3
Short Blades   | 1 2 3 |  3.4
Hexes          | 1 2 |  2.0
Dodging        | 1 2 |  2.1

Action                   |  1- 3 |  4- 6 || total
-------------------------+-------+-------++-------
Melee: Unarmed           |   176 |     6 ||   182
       Club              |    24 |       ||    24
       Dagger            |   218 |   406 ||   624
 Cast: Confusing Touch   |    20 |     4 ||    24
       Summon Small Mamm |       |     2 ||     2
  Use: Potion            |       |     1 ||     1
 Stab: Confused          |    20 |     7 ||    27
       Sleeping          |     7 |     3 ||    10
Armor: Robe              |    28 |    35 ||    63
       Leather armour    |       |    18 ||    18
Dodge: Dodged            |   172 |   238 ||   410
